 Dungeon Crawl Stone Soup version 0.19.0-2-gae57169 (webtiles) character file.

65 Bsssss the Covert (level 3, 0/27 HPs)
             Began as a Vampire Assassin on Nov 3, 2016.
             Slain by an orc wizard
             ... wielding a +0 dagger
              (1 damage)
             ... on level 3 of the Dungeon.
             The game lasted 00:07:06 (2170 turns).

Bsssss the Covert (Vampire Assassin)                Turns: 2170, Time: 00:07:06

Health: 0/27       AC:  5    Str: 10    XL:     3   Next: 94%
Magic:  3/3        EV: 12    Int: 13    God:
Gold:   109        SH:  0    Dex: 16    Spells: 0 memorised, 2 levels left

rFire  . . .     SeeInvis +     a - +2 dagger
rCold  . . .     Gourm    .     c - +0 robe
rNeg   + . .     Faith    .     (no shield)
rPois  .         Spirit   .     (no helmet)
rElec  .         Reflect  .     s - +2 cloak
rCorr  .         Harm     .     (no gloves)
MR     .....     Rnd*Tele +     (no boots)
Stlth  ++++......               (no amulet)
                                (no ring)
                                n - ring of teleportation (curse)

@: no status effects
A: fangs 3, see invisible, unbreathing
a: Bat Form


You were on level 3 of the Dungeon.
You were not thirsty.

You visited 1 branch of the dungeon, and saw 3 of its levels.

You collected 109 gold pieces.

Inventory:

Hand Weapons
 a - a +2 dagger (weapon)
 b - a +0 blowgun
 p - a +2 hand axe of flaming
 x - a +2 trident of piercing
Missiles
 e - 8 poisoned needles
 f - 2 curare-tipped needles
 j - 22 sling bullets
 m - 56 stones (quivered)
 q - 19 arrows
 t - 8 bolts
 w - 2 tomahawks
Armour
 c - a +0 robe (worn)
 d - a +0 cloak
 s - a +2 cloak (worn)
Jewellery
 n - a cursed ring of teleportation (left hand)
Scrolls
 k - 3 scrolls of blinking {unknown}
 o - a scroll of recharging {unknown}
 r - a scroll of amnesia
 u - a scroll of random uselessness {unknown}
 v - a scroll of identify
Potions
 g - 16 potions of blood
 i - a potion of cancellation
 z - a potion of haste {unknown}


   Skills:
 + Level 2.0 Fighting
 + Level 2.2 Short Blades
 - Level 1.5 Throwing
 + Level 1.4 Dodging
 * Level 8.0 Stealth


You had 2 spell levels left.
You didn't know any spells.

Dungeon Overview and Level Annotations

Branches:
Dungeon (3/15)

Altars:
Cheibriados


Innate Abilities, Weirdness & Mutations

You have razor-sharp teeth.
You have supernaturally acute eyesight. (SInv)
You can survive without breathing.


Message History

You hit the orc wizard but do no damage.
The orc wizard is lightly wounded.
The orc wizard hits you but does no damage.
The orc closely misses you. The orc wizard barely misses you.
You hit the orc wizard. You bite the orc wizard.
The orc wizard is moderately wounded.
The orc wizard misses you.
The orc wizard gestures wildly while chanting.
The orc wizard flickers and vanishes for a moment.
The orc barely misses you.
You closely miss the orc wizard.
The orc wizard is moderately wounded.
The orc wizard hits you with a dagger.
* * * LOW HITPOINT WARNING * * *
As you read the scroll of immolation, it crumbles to dust.
The creatures around you are filled with an inner flame!
The orc wizard hits you with a dagger.
* * * LOW HITPOINT WARNING * * *
The orc barely misses you. The orc wizard hits you with a dagger.
You die...

#...........##########
#....................#
#....................#
#....................+
#.............o......#
#...........##.#######
###########o##......#
#†##..o...#
#@##......#
#o##......###
#o..o.......
####......## #......+
#......# #......###
#.#.#....# #.#.####.#


You could see 2 orc wizards and an orc (inner flame).

Vanquished Creatures
  An adder (D:2)
  2 worms (D:3)
  A dart slug (D:1)
  2 orcs (D:3)
  2 giant cockroaches
  9 goblins
  3 hobgoblins (D:1)
  3 jackals (D:1)
  A ball python (D:3)
  7 bats
  A frilled lizard (D:1)
  7 kobolds
  6 rats
45 creatures vanquished.

Vanquished Creatures (others)
  5 toadstools (D:1)
5 creatures vanquished.

Grand Total: 50 creatures vanquished

Notes
Turn   | Place    | Note
-------+----------+-------------------------------------------
     0 | D:1      | Bsssss the Vampire Assassin began the quest for the Orb.
     0 | D:1      | Reached XP level 1. HP: 16/16 MP: 1/1
   103 | D:1      | Reached skill level 6 in Stealth
   104 | D:1      | Found a snail-covered altar of Cheibriados.
   304 | D:1      | Reached XP level 2. HP: 22/22 MP: 2/2
   643 | D:1      | Reached skill level 7 in Stealth
   855 | D:1      | Reached XP level 3. HP: 23/27 MP: 3/3
  2077 | D:3      | Reached skill level 8 in Stealth
  2170 | D:3      | HP: 1/27 [orc wizard/dagger (2)]
  2170 | D:3      | Slain by an orc wizard

Skill      XL: |  1  2  3 |
---------------+----------+-----
Stealth        | 6 7 8 |  8.0
Fighting       | 2 |  2.0
Short Blades   | |  2.2
Throwing       | |  1.5
Dodging        | |  1.4

Action                   || total
-------------------------++-------
Melee: Dagger            ||   134
       Bite              ||    12
  Use: Scroll            ||     6
       Potion            ||     4
 Stab: Sleeping          ||    16
       Distracted        ||     1
Armor: Robe              ||    34
Dodge: Dodged            ||    80
